 Dungeon Crawl Stone Soup version 0.23-a0-359-g9beedce (webtiles) character file.

3 Cryolive the Digger (level 1, 0/10 HPs)
             Began as a Gargoyle Earth Elementalist on Oct 23, 2018.
             Slain by a kobold
             ... wielding a +0 club
              (3 damage)
             ... on level 1 of the Dungeon.
             The game lasted 00:00:38 (33 turns).

Cryolive the Digger (Gargoyle Earth Elementalist)     Turns: 33, Time: 00:00:38

Health: 0/10       AC:  4    Str: 11    XL:     1   Next: 50%
Magic:  0/3        EV: 12    Int: 15    God:
Gold:   7          SH:  0    Dex: 10    Spells: 3/4 levels left

rFire    . . .     SeeInvis .   (no weapon)
rCold    . . .     Gourm    .   (no shield)
rNeg     + . .     Faith    .   c - +0 robe
rPois    ∞         Spirit   .   (no helmet)
rElec    +         Reflect  .   (no cloak)
rCorr    .         Harm     .   (no gloves)
MR       .....                  (no boots)
Stlth    ++........             (no amulet)
HPRegen  0.03/turn              (no ring)
MPRegen  0.08/turn              (no ring)

@: no status effects
A: negative energy resistance 1, electricity resistance, unbreathing,
petrification resistance, rot immunity, AC +2
a: no special abilities


You were on level 1 of the Dungeon.
You were not hungry.

You visited 1 branch of the dungeon, and saw 1 of its levels.

You collected 7 gold pieces.

Inventory:

Missiles
 b - 27 stones (quivered)
Armour
 c - a +0 robe (worn)
Comestibles
 d - a ration


   Skills:
 - Level 1.5 Dodging
 - Level 2.1 Stealth
 + Level 2.1 Spellcasting
   Level 0.7 Transmutations
 + Level 3.8 Earth Magic


You had 3 spell levels left.
You knew the following spells:

 Your Spells              Type           Power        Failure   Level  Hunger
a - Sandblast             Erth           ##....       4%          1    #......

Your spell library contained the following spells:

 Spells                   Type           Power        Failure   Level  Hunger
 Passwall                 Tmut/Erth      #.......     13%         2    ###....
 Stone Arrow              Conj/Erth      #.....       30%         3    ###....
 Petrify                  Tmut/Erth      #.......     65%         4    #####..
 Lee's Rapid Deconstruct  Erth           ##........   77%         5    ######.


Dungeon Overview and Level Annotations

Branches:
Dungeon (1/15)

Altars:

Annotations:
D:1 1 runed door


Innate Abilities, Weirdness & Mutations

You are resistant to torment.
Your stone body is resilient. (AC +2)
You are immune to poison.
You resist negative energy. (rN+)
You are resistant to electric shocks. (rElec)
You can survive without breathing.
You are immune to petrification.
You are immune to rotting.


Message History

Ye closely miss tha frilled lizard.
Tha rat twitches its whiskers.
Tha frilled lizard misses ye.
Ye hit tha frilled lizard.
Tha frilled lizard be heavily wounded.
Tha frilled lizard misses ye.
Ye hit tha frilled lizard.
Ye kill tha frilled lizard!
Castin': Sandblast (safe; 4% risk o' failure) Confirm wit' . or Enter, or press ? or * ta list all spells.
Ye dinnae know tha spell.
Ye barely miss tha kobold.
Ye closely miss tha kobold.
Tha kobold barely misses ye.
Ye hit tha kobold.
Tha kobold be severely wounded.
Tha kobold hits ye but does nay damage.
Ye hit tha kobold but do nay damage.
Tha kobold be severely wounded.
Tha kobold hits ye wit' a +0 club.
Ye die... # ########### # J. .........# #.... ..Jsrwr.# #sh... srJrshw#

#######+#######
#.............#
+⌠....###....⌠+
#......<......#
#..⌠...>...@†.#
###+#######K###
.......w.......
.#...........!.
##..[.........
##.)#........
............
............#
#......###....


You could see 2 worms, 2 oozes, a dart slug, a jackal, 3 giant cockroaches, a
kobold and 4 rats.

Vanquished Creatures
  2 giant cockroaches (D:1)
  A frilled lizard (D:1)
3 creatures vanquished.

Notes
Turn   | Place    | Note
-------+----------+-------------------------------------------
     0 | D:1      | Cryolive the Gargoyle Earth Elementalist began the quest
                  | for the Orb.
     0 | D:1      | Reached XP level 1. HP: 10/10 MP: 3/3
     1 | D:1      | Found a runed door.
    33 | D:1      | Slain by a kobold

Vault maps used:
D:1:      dpeg_arrival_caged_fury

Action                   || total
-------------------------++-------
Melee: Unarmed           ||    21
 Cast: Sandblast         ||     3
Armor: Robe              ||    11
Dodge: Dodged            ||    25

Table legend:
 A = Non-vault XP
 B = Vault XP
 C = Vault XP percentage of total XP
 D = Non-vault monster count
 E = Vault monster count
 F = Vault count percentage of total count
                 A         B        C        D         E       F
            +---------+---------+-------+---------+---------+-------
      Total |       5 |       0 |   0.0 |       3 |       0 |   0.0
            +---------+---------+-------+---------+---------+-------
        D:1 |       5 |       0 |   0.0 |       3 |       0 |   0.0
            +---------+---------+-------+---------+---------+-------
